 Dungeon Crawl Stone Soup version 0.21-a0-404-g291f19a (webtiles) character file.

426 Ijustatesigmund the Chopper (level 6, -4/53 HPs)
             Began as a Hill Orc Fighter on Oct 26, 2017.
             Slain by a gnoll
             ... wielding a +1 spear of distortion
              (14 damage)
             ... on level 4 of the Dungeon.
             The game lasted 00:07:12 (3432 turns).

Ijustatesigmund the Chopper (Hill Orc Fighter)      Turns: 3432, Time: 00:07:13

Health: -4/53      AC:  7    Str: 21    XL:     6   Next: 97%
Magic:  15/15      EV:  8    Int:  9    God:
Gold:   224        SH:  9    Dex: 11    Spells: 5/5 levels left

rFire    . . .     SeeInvis .   a - +1 war axe
rCold    . . .     Gourm    .   c - +0 shield
rNeg     . . .     Faith    .   b - +0 scale mail
rPois    .         Spirit   .   (no helmet)
rElec    .         Reflect  .   (no cloak)
rCorr    .         Harm     .   (no gloves)
MR       .....                  (no boots)
Stlth    ..........             (no amulet)
HPRegen  0.17/turn              j - ring of magical power
MPRegen  0.14/turn              i - +2 ring of strength

@: about to teleport
A: no striking features
a: no special abilities


You were on level 4 of the Dungeon.
You were not hungry.

You visited 1 branch of the dungeon, and saw 4 of its levels.

You collected 224 gold pieces.

Inventory:

Hand Weapons
 a - a +1 war axe (weapon)
Armour
 b - a +0 scale mail (worn)
 c - a +0 shield (worn)
Jewellery
 i - a +2 ring of strength (right hand)
 j - a ring of magical power (left hand)
Scrolls
 e - 6 scrolls of remove curse
 h - 3 scrolls of blinking
 m - 3 scrolls of teleportation
 o - a scroll of identify
 q - a scroll of fear {unknown}
Potions
 g - a potion of heal wounds
 l - 3 potions of lignification
 n - a potion of curing
Comestibles
 f - 4 bread rations
 k - a meat ration
 p - 2 fruits
 r - 2 chunks of flesh


   Skills:
 + Level 4.7 Fighting
 + Level 6.5 Axes
 + Level 4.3 Armour
 + Level 1.8 Dodging
 + Level 4.3 Shields


You had 5 spell levels left.
You didn't know any spells.

Dungeon Overview and Level Annotations

Branches:
Dungeon (4/15)
 Temple: D:4-7

Altars:


Message History

You are too injured to fight recklessly!
You are too injured to fight recklessly!
You are too injured to fight recklessly!
You are too injured to fight recklessly!
You are too injured to fight recklessly!
You are too injured to fight recklessly!
You are too injured to fight recklessly!
You are too injured to fight recklessly!
You are too injured to fight recklessly!
You are too injured to fight recklessly!
You see here a scroll of teleportation.
m - 4 scrolls of teleportation (gained 1)
The gnoll closely misses you. The gnoll barely misses you.
Some of the chunks of flesh in your inventory have rotted away.
As you read the scroll of teleportation, it crumbles to dust.
You feel strangely unstable.
The gnoll hits you from afar with a spear of distortion.
* * * LOW HITPOINT WARNING * * *
Space warps horribly around you!
You die...

..## ./# ...#
....# ..## ..
#....# ...# ...
#.....# #..##....
#....## #........
#.....####.......)
#......##gg###....
###.....@g### .
###.......###
###........##
.......#..##
#........## ###
...##.(## ##..##
#..# ##.)..#
#..###.....#
#.###......#


You could see 3 gnolls.

Vanquished Creatures
  Duvessa (D:4)
  A phantom (D:3)
  Dowan (D:4)
  4 adders (D:3)
  5 gnolls
  2 oozes (D:3)
  A worm (D:3)
  3 dart slugs
  5 leopard geckos
  4 orcs
  A ball python (D:3)
  3 giant cockroaches
  10 goblins
  6 hobgoblins
  8 jackals
  3 quokkas
  6 bats
  2 frilled lizards
  3 kobolds
  10 rats
79 creatures vanquished.

Notes
Turn   | Place    | Note
-------+----------+-------------------------------------------
     0 | D:1      | Ijustatesigmund the Hill Orc Fighter began the quest for the Orb.
     0 | D:1      | Reached XP level 1. HP: 19/19 MP: 1/1
     9 | D:1      | Noticed a bullfrog
    14 | D:1      | Reached skill level 3 in Axes
    33 | D:1      | Reached XP level 2. HP: 15/26 MP: 2/2
   245 | D:1      | Reached skill level 4 in Axes
   402 | D:1      | Reached XP level 3. HP: 31/31 MP: 3/3
   871 | D:2      | Reached skill level 5 in Axes
  1937 | D:3      | Reached XP level 4. HP: 39/39 MP: 4/4
  2214 | D:3      | Noticed a phantom
  2238 | D:3      | Killed a phantom
  2238 | D:3      | Reached skill level 1 in Dodging
  2238 | D:3      | Reached XP level 5. HP: 29/46 MP: 5/5
  2424 | D:3      | Reached skill level 6 in Axes
  2909 | D:3      | Reached XP level 6. HP: 32/52 MP: 6/6
  3261 | D:4      | Noticed Duvessa
  3261 | D:4      | Noticed Dowan
  3275 | D:4      | Killed Duvessa
  3295 | D:4      | Killed Dowan
  3432 | D:4      | Slain by a gnoll

Vault maps used:
D:1:      evilmike_arrival_come_back, grunt_decor_one_mirror
D:2:      first_bread
D:4:      lemuel_doored_altar, uniq_ijyb, uniq_eustachio, uniq_duvessa

Skill      XL: |  1  2  3  4  5  6 |
---------------+-------------------+-----
Axes           | 3 4 5 6 |  6.5
Fighting       | 4 |  4.7
Dodging        | 1 |  1.8
Armour         | 4 |  4.3
Shields        | 4 |  4.3

Action                   |  1- 3 |  4- 6 || total
-------------------------+-------+-------++-------
Melee: War axe           |   122 |   114 ||   236
  Use: Scroll            |     8 |     2 ||    10
       Potion            |     1 |     1 ||     2
  Eat: Chunk             |     2 |     6 ||     8
Armor: Scale mail        |    59 |    45 ||   104
Dodge: Dodged            |    43 |    31 ||    74
Block: Shield            |    79 |    73 ||   152

Table legend:
 A = Spawn XP
 B = Non-spawn XP
 C = Spawn XP percentage of total XP
 D = Spawn monster count
 E = Non-spawn monster count
 F = Spawn count percentage of total count
 G = Total turns spent on level
                    A         B        C        D         E        F      G
               +---------+---------+-------+---------+---------+-------+---------
         Total |       0 |     609 |   0.0 |       0 |      79 |   0.0 |  3432
               +---------+---------+-------+---------+---------+-------+---------
           D:1 |       0 |      49 |   0.0 |       0 |      27 |   0.0 |   825
           D:2 |       0 |      30 |   0.0 |       0 |      16 |   0.0 |  1094
           D:3 |       0 |     270 |   0.0 |       0 |      29 |   0.0 |  1281
           D:4 |       0 |     260 |   0.0 |       0 |       7 |   0.0 |   232
               +---------+---------+-------+---------+---------+-------+---------
